 Dungeon Crawl Stone Soup version 0.22-a0-406-g9ff8d77 (webtiles) character file.

5 dstrtnsr the Covered (level 1, 13/20 HPs)
             Began as a Deep Dwarf Fighter on May 8, 2018.
             Quit the game on level 1 of the Dungeon.
             The game lasted 00:00:26 (141 turns).

dstrtnsr the Covered (Deep Dwarf Fighter)            Turns: 141, Time: 00:00:27

Health: 13/20      AC:  6    Str: 19    XL:     1   Next: 66%
Magic:  1/1        EV:  7    Int:  8    God:
Gold:   25         SH:  9    Dex: 12    Spells: 0/0 levels left

rFire    . . .     SeeInvis .   h - -2 hand axe (curse)
rCold    . . .     Gourm    .   c - +0 shield
rNeg     . . .     Faith    .   b - +0 scale mail
rPois    .         Spirit   .   (no helmet)
rElec    .         Reflect  .   (no cloak)
rCorr    .         Harm     .   (no gloves)
MR       .....                  (no boots)
Stlth    ..........             (no amulet)
HPRegen  0.00/turn              (no ring)
MPRegen  0.07/turn              (no ring)

@: non-regenerating
A: damage resistance, heal wounds, sense surroundings 1, no regeneration
a: Heal Wounds


You were on level 1 of the Dungeon.
You were not hungry.

You visited 1 branch of the dungeon, and saw 1 of its levels.

You collected 25 gold pieces.

Inventory:

Hand Weapons
 a - a +0 war axe
 h - a cursed -2 hand axe (weapon)
Armour
 b - a +0 scale mail (worn)
 c - a +0 shield (worn)
Scrolls
 i - a scroll of identify {unknown}
Potions
 d - a potion of might
 f - a potion of mutation {unknown}
Comestibles
 e - 2 rations {!d}
 g - 4 chunks of flesh


   Skills:
 + Level 2.7 Fighting
 * Level 2.4 Axes
 + Level 3.3 Armour
 + Level 3.3 Shields


You couldn't memorise any spells.
You didn't know any spells.

Dungeon Overview and Level Annotations

Branches:
Dungeon (1/15)

Altars:


Innate Abilities, Weirdness & Mutations

You are resistant to damage.
You can heal yourself by infusing magical energy.
You passively map a small area around you.
You do not regenerate.


Message History

The hobgoblin hits you but does no damage.
You block the hobgoblin's attack.
You slash the hobgoblin!
You kill the hobgoblin!
No target in view!
No target in view!
No target in view!
You butcher the hobgoblin corpse.
g - 4 chunks of flesh You enter a teleport trap!
The teleport trap disappears.
Your surroundings suddenly seem different.
Found a scroll labeled CAIJUN FYNANEU.
A kobold comes into view.
The kobold shouts!
The kobold throws a stone.
The stone hits you but does no damage.
Found a runed hand axe and 13 arrows.
A kobold is nearby!
A kobold is nearby!
The kobold throws a stone.
You block the stone.
You see here a stone.
A kobold is nearby!
The kobold throws a stone.
You block the stone.
You see here a stone.
The kobold hits you but does no damage.
You miss the kobold. You block the kobold's attack.
You hit the kobold.
The kobold is severely wounded.
You block the kobold's attack. x2
You barely miss the kobold.
The kobold is moderately wounded.
The kobold hits you but does no damage.
You barely miss the kobold.
The kobold is moderately wounded.
You block the kobold's attack. The kobold hits you but does no damage.
You barely miss the kobold.
The kobold is moderately wounded.
The kobold hits you but does no damage.
You hit the kobold.
The kobold is severely wounded.
You block the kobold's attack. x2
You slash the kobold!
You kill the kobold!
No target in view!
You see here a runed hand axe.
h - a runed hand axe Wield which item (- for none, * to show all)? (? for menu, Esc to quit)
It sticks to your hand!
h - a cursed -2 hand axe (weapon)
i - a scroll labeled CAIJUN FYNANEU A hobgoblin comes into view.
It is wielding a club.
The hobgoblin shouts!
A hobgoblin is nearby!
A hobgoblin is nearby!
A hobgoblin is nearby!
A hobgoblin is nearby!
You hit the hobgoblin.
The hobgoblin is severely wounded.
The hobgoblin hits you with a club.
You closely miss the hobgoblin.
The hobgoblin is severely wounded.
The hobgoblin hits you but does no damage.
You hit the hobgoblin.
You kill the hobgoblin!
No target in view!
No target in view!
No target in view!
You see here a club.
A bat comes into view.
A bat is nearby!
A bat is nearby!
A bat is nearby!
The bat moves out of view.
A bat is nearby!
You block the bat's attack. The bat closely misses you. The bat hits you.
The bat barely misses you. You block the bat's attack.
The bat hits you but does no damage. The bat hits you. x2
You closely miss the bat. You block the bat's attack.
You hit the bat.
The bat is moderately wounded.
The bat hits you but does no damage. The bat closely misses you.
The bat hits you but does no damage. You block the bat's attack.
The bat hits you but does no damage.
There is a staircase leading out of the dungeon here.
You closely miss the bat.
The bat is moderately wounded.
You block the bat's attack. The bat hits you but does no damage.
You closely miss the bat. The bat hits you but does no damage.
You barely miss the bat. You block the bat's attack.
The bat hits you but does no damage.
You hit the bat but do no damage. The bat hits you.
No target in view!
No target in view!
Unknown command.
Unknown command.
Are you sure you want to abandon this character and quit the game? (Confirm with "yes".)

#...# #.# ,
##...###.# ,
,##(.(..##.###
,,>##...#...##..# *
*#..(###...#..######
, , *#...#
#...#.......#
##..#####..##.####.#
#...........#.# #.#
#......@....### #.# ,
#.⌠...<...⌠.# ####.#
#...........# #....#
, ,,#...........#
#.#### ####..#..####
#.# * , ##...## #.#
###.....######.#
......(........##.#
**.........).###.##.#


There were no monsters in sight!

Vanquished Creatures
  2 hobgoblins (D:1)
  A bat (D:1)
  2 kobolds (D:1)
  A rat (D:1)
6 creatures vanquished.

Notes
Turn   | Place    | Note
-------+----------+-------------------------------------------
     0 | D:1      | dstrtnsr the Deep Dwarf Fighter began the quest for the Orb.
     0 | D:1      | Reached XP level 1. HP: 20/20 MP: 1/1
   141 | D:1      | Quit the game

Vault maps used:
D:1:      dpeg_arrival_arbitrary_c

Action                   || total
-------------------------++-------
Melee: War axe           ||    15
       Hand axe          ||     9
Armor: Scale mail        ||    15
Dodge: Dodged            ||     5
Block: Shield            ||    20

Table legend:
 A = Spawn XP
 B = Non-spawn XP
 C = Spawn XP percentage of total XP
 D = Spawn monster count
 E = Non-spawn monster count
 F = Spawn count percentage of total count
 G = Total turns spent on level
                    A         B        C        D         E        F      G
               +---------+---------+-------+---------+---------+-------+---------
         Total |       0 |       8 |   0.0 |       0 |       6 |   0.0 |   141
               +---------+---------+-------+---------+---------+-------+---------
           D:1 |       0 |       8 |   0.0 |       0 |       6 |   0.0 |   141
               +---------+---------+-------+---------+---------+-------+---------
